Map: Oceanborn LE

Players

NightMare

  • Race: Protoss Protoss
  • League: Master
  • Spawn Location: 5:00

Coffeeame (Coffee) - Winner!

  • Race: Terran Terran
  • League: Master
  • Spawn Location: 11:00

VOD

Have the link to the VOD?

Description

Time

  • Played on: Dec. 11, 2023, 3:18 a.m.
  • Length: 11:30
Show
View Real Time Build Order
Export as new Build Order

NightMare Protoss 

Build Orders: 1 Gate Expand, Blink Stalkers 

Get SALT Encoding   

  12  0:00  Probe  
  13  0:12  Probe  
  14  0:16  Pylon  
  14  0:24  Probe (Chrono Boost)  
  15  0:36  Gateway, Probe (Chrono Boost)  
  16  0:44  Probe (Chrono Boost)  
  16  0:45  Assimilator  
  17  0:51  Probe  
  18  1:03  Probe  
  19  1:15  Probe  
  20  1:24  Cybernetics Core  
  22  1:27  Probe  
  21  1:35  Nexus  
  21  1:41  Pylon  
  21  1:44  Probe  
  22  1:52  Assimilator  
  22  1:56  Probe  
  22  1:58  Adept (Chrono Boost)  
  25  2:03  Warp Gate  
  25  2:09  Probe  
  25  2:18  Stalker (Chrono Boost)  
  25  2:21  Probe  
  28  2:29  Shield Battery  
  28  2:33  Probe  
  28  2:43  Twilight Council  
  28  2:45  Probe  
  28  2:46  Stalker  
  28  2:48  Probe  
  32  2:57  Probe  
  33  3:00  Probe  
  34  3:07  Gateway  
  34  3:09  Probe  
  34  3:12  Blink (Chrono Boost)  
  35  3:13  Probe  
  36  3:21  Probe  
  36  3:25  Probe  
  38  3:32  Robotics Facility  
  38  3:34  Probe  
  38  3:37  Probe  
  40  3:41  Gateway  
  40  3:47  Probe  
  40  3:48  Gateway  
  41  3:49  Probe  
  42  3:56  Pylon  
  42  3:58  Stalker  
  44  4:03  Stalker  
  44  4:07  Pylon  
  46  4:14  Probe x2  
  46  4:16  Pylon  
  48  4:22  Stalker  
  48  4:23  Observer  
  49  4:34  Stalker  
  49  4:38  Probe x2  
  53  4:44  Warp Prism (Chrono Boost)  
  55  5:00  Assimilator, Probe x2  
  55  5:02  Assimilator  
  55  5:04  Shield Battery  
  57  5:10  Stalker x2  
  61  5:14  Stalker  
  61  5:18  Probe x2  
  61  5:21  Observer  
  65  5:30  Pylon  
  65  5:31  Probe x2  
  67  5:45  Pylon  
  67  5:46  Charge  
  67  5:47  Gateway  
  67  5:49  Templar Archives  
  67  5:54  Gateway  
  64  6:04  Probe x2  
  64  6:08  Psionic Storm  
  64  6:17  Stalker x4  
  72  6:19  Probe x2  
  74  6:31  Pylon  
  74  6:43  Zealot x4, High Templar  
  84  6:47  Pylon  
  84  6:50  Pylon  
  84  6:52  Zealot  
  84  6:53  Immortal (Chrono Boost)  
  90  7:07  Zealot x3, High Templar  
  98  7:20  High Templar  
  98  7:21  Zealot  
  102  7:28  Immortal  
  106  7:32  Zealot x2  
  109  7:46  Pylon x2  
  107  8:09  Zealot x5  
  111  8:19  Stalker  
  113  8:20  Probe x2  
  113  8:25  Observer (Chrono Boost)  
  116  8:32  Gateway  
  116  8:35  Pylon  
  116  8:37  Robotics Bay  
  116  8:42  Forge, Pylon  
  116  8:49  Stalker  
  116  8:54  Stalker x3  
  125  8:56  Observer  
  125  8:57  Observer  
  125  9:00  Pylon  
  125  9:01  Probe x2  
  127  9:08  Stalker x2  
  121  9:20  Nexus  
  121  9:23  Zealot x2  
  125  9:25  High Templar  
  125  9:26  High Templar  
  128  9:32  Probe x2  
  108  9:44  Zealot x2, Probe  
  90  9:50  High Templar x2  
  90  9:52  Zealot  
  82  9:57  Probe x2  
  84  10:05  Zealot x3  
  90  10:28  Stalker x4  
  98  10:29  High Templar  
  80  10:55  Archon  
  74  10:57  Observer  
  74  10:58  Zealot x5  
  68  11:07  Zealot  
  68  11:08  Zealot  
Show
View Real Time Build Order
Export as new Build Order

Coffeeame Terran - Winner!

Build Orders: Gas First Reaper Expand, Liberator Opening 

Get SALT Encoding   

  12  0:00  SCV  
  13  0:12  SCV  
  14  0:17  Supply Depot  
  14  0:24  SCV  
  14  0:27  Refinery  
  15  0:38  SCV  
  16  0:44  Barracks  
  16  0:50  SCV  
  17  1:03  SCV  
  18  1:15  SCV  
  19  1:31  Orbital Command, Reaper  
  20  1:44  Command Center  
  20  1:54  Factory  
  20  1:58  SCV  
  21  2:03  Refinery  
  21  2:06  Barracks Reactor  
  21  2:10  SCV  
  22  2:15  Supply Depot  
  22  2:22  SCV  
  23  2:37  SCV  
  23  2:41  Starport  
  23  2:42  Widow Mine  
  23  2:44  Marine  
  26  2:45  Marine  
  26  2:49  SCV  
  29  3:01  SCV  
  29  3:02  Marine  
  29  3:03  Marine, Widow Mine  
  34  3:13  SCV  
  34  3:18  Orbital Command, Medivac  
  37  3:24  Marine  
  37  3:25  Marine  
  38  3:28  Factory Tech Lab  
  38  3:29  SCV  
  38  3:32  Supply Depot  
  39  3:41  SCV  
  40  3:43  SCV  
  40  3:46  Marine x2  
  40  3:47  Liberator  
  46  3:53  SCV  
  47  3:56  Siege Tank  
  47  3:58  SCV  
  47  4:00  Supply Depot  
  51  4:05  SCV  
  51  4:09  Barracks  
  52  4:13  SCV  
  52  4:15  Marine  
  54  4:22  Marine  
  54  4:23  SCV  
  56  4:25  SCV  
  56  4:36  SCV  
  56  4:37  SCV  
  53  4:43  Factory Tech Lab  
  53  4:44  Supply Depot  
  53  4:45  Marine, Refinery, Bunker  
  53  4:46  Marine, Engineering Bay  
  53  4:48  SCV, Barracks  
  53  4:49  SCV  
  57  4:57  Supply Depot  
  57  5:00  SCV  
  57  5:01  SCV  
  57  5:03  Marine x2  
  61  5:07  Supply Depot  
  61  5:11  Stimpack  
  61  5:12  Starport Reactor, Factory Reactor  
  61  5:13  SCV x2, Terran Infantry Weapons Level 1  
  62  5:23  Marine x2  
  62  5:24  Marauder  
  62  5:25  SCV x2  
  68  5:35  Refinery  
  68  5:36  Supply Depot  
  68  5:37  Supply Depot, SCV x2  
  68  5:41  Combat Shield  
  68  5:42  Marauder  
  72  5:44  Marine x2  
  72  5:46  Marauder  
  76  5:50  Medivac  
  74  6:00  SCV x2  
  74  6:03  Marauder  
  74  6:07  Marauder  
  76  6:15  Marine x2  
  78  6:23  Medivac x2  
  78  6:24  Widow Mine x2  
  78  6:25  SCV x2, Marauder  
  90  6:28  Marauder  
  90  6:30  Missile Turret  
  92  6:37  Command Center  
  92  6:39  Marine x2  
  91  6:42  SCV x2  
  91  6:46  Supply Depot  
  95  6:50  Marauder  
  95  6:51  Marauder  
  99  6:58  Armory  
  99  7:04  Marine x2  
  101  7:11  SCV  
  101  7:12  SCV  
  101  7:15  Marauder x2  
  106  7:20  Widow Mine x2, Medivac  
  109  7:23  Marine  
  109  7:25  Terran Infantry Armor Level 1  
  109  7:27  Marine, Medivac  
  110  7:38  SCV x2  
  110  7:40  Marauder  
  110  7:41  Marauder  
  116  7:49  Barracks  
  116  7:50  Barracks  
  116  7:56  Widow Mine  
  116  7:57  Widow Mine  
  93  8:16  Marauder x2  
  87  8:23  Marine x2  
  87  8:24  Widow Mine x2  
  87  8:26  Medivac x2  
  91  8:28  Orbital Command  
  91  8:30  Ghost Academy  
  91  8:32  Bunker  
  91  8:35  Supply Depot  
  91  8:36  Supply Depot  
  91  8:37  Marauder  
  91  8:39  Barracks Tech Lab, Barracks Reactor  
  91  8:44  Marine x2, Marauder  
  95  8:57  Widow Mine x2  
  95  9:02  Ghost x2  
  99  9:03  Marine x2  
  99  9:05  Marine  
  101  9:12  Viking x2  
  105  9:17  Marine x2  
  105  9:23  Marine x2, Ghost  
  111  9:24  Widow Mine x2  
  109  9:32  Ghost x2  
  106  9:50  Orbital Command  
  106  9:51  SCV x2, Ghost  
  97  9:52  Marine  
  97  9:53  Marine  
  97  9:58  Medivac x2  
  97  9:59  Widow Mine  
  105  10:00  Marine x2  
  105  10:01  Marauder, Widow Mine  
  105  10:02  Marauder  
  105  10:03  SCV x2  
  113  10:15  SCV x2  
  113  10:20  Marine x4  
  117  10:23  SCV  
  117  10:26  Supply Depot  
  117  10:27  SCV  
  117  10:28  SCV  
  118  10:31  Marauder x2  
  118  10:35  SCV  
  119  10:36  Marauder  
  119  10:40  SCV  
  109  11:00  Marine x2, Marauder  
  109  11:01  Marine, Marauder x2, Widow Mine x2  
  117  11:04  SCV  
  117  11:05  SCV  
  112  11:12  SCV  
  112  11:17  SCV  
Tags
 
Add a new tag
Caveats
  • Supply blocks, unpowered buildings, or Contaminate may cause inaccurate times.
  • Supply counts are checked every 10 seconds.